 Dungeon Crawl Stone Soup version 0.32-a0-433-g08bcfe7efd (webtiles) character file.

Game seed: 8507304927284292860

1096 LobsterGuardian the Cleaver (level 8, -3/47 (59) HPs)
             Began as a Coglin Gladiator on Feb 23, 2024.
             Slain by a wight
             ... wielding a +4 spear
              (5 damage)
             ... on level 6 of the Dungeon.
             The game lasted 00:08:59 (5377 turns).

LobsterGuardian the Cleaver (Coglin Gladiator)      Turns: 5377, Time: 00:09:00

HP:   -3/47 (59)    AC:  5    Str: 14    XL:     8   Next: 31%
MP:   8/8           EV: 13    Int:  7    God:
Gold: 309           SH:  0    Dex: 19    Spells: 7/7 levels left

rFire   . . .        a - +0 war axe (venom) {Jihoo}
rCold   . . .        q - +2 dagger (drain) {Guillermo}
rNeg    . . .        l - +0 troll leather armour {Pargi}
rPois   .            c - +0 helmet
rElec   .            (no cloak)
rCorr   .            g - +0 pair of gloves
SInv    .            (no boots)
Will    .....        (no amulet)
Stlth   +            (no ring)
HPRegen 1.07/turn    (no ring)
MPRegen 0.11/turn

%: no passive effects
@: confused, ambrosia-drunk, immotile, heavily drained, revved
A: off-hand wielding, slow wielding, warmup strikes, legs shutdown
a: no special abilities


You were on level 6 of the Dungeon.
You visited 1 branch of the dungeon, and saw 6 of its levels.
You also visited: Sewer.

You collected 309 gold pieces.

Inventory:

Hand Weapons
 a - a +0 war axe of venom (weapon) {Jihoo}
 q - a +2 dagger of draining (offhand) {Guillermo}
Missiles
 d - 4 throwing nets (quivered)
 e - 5 javelins
Armour
 c - a +0 helmet (worn)
 g - a +0 pair of gloves (worn)
 l - a +0 troll leather armour (worn) {Pargi}
Jewellery
 f - an amulet of faith
Wands
 o - a wand of acid (5)
Scrolls
 h - 2 scrolls of identify
 i - a scroll of teleportation
 m - 2 scrolls of brand weapon
 n - a scroll of enchant armour
 p - a scroll of amnesia {unknown}
Potions
 b - a potion of brilliance


   Skills:
 + Level 3.6 Fighting
 + Level 2.1 Short Blades
 * Level 8.1 Axes
 - Level 1.7 Throwing
 + Level 2.9 Armour
 + Level 3.4 Dodging


You had 7 spell levels left.
You didn't know any spells.
Your spell library contained the following spells:

 Spells                   Type           Power      Damage    Failure   Level
 Freeze                   Ice            0%         1d3       50%         1
 Ensorcelled Hibernation  Hex/Ice        0%         N/A       65%         2
 Call Canine Familiar     Summ           0%         N/A       86%         3
 Frozen Ramparts          Ice            0%         1d1       86%         3
 Fugue of the Fallen      Necr           0%         N/A       86%         3
 Hailstorm                Conj/Ice       0%         3d5       86%         3
 Sigil of Binding         Hex            0%         N/A       86%         3
 Tukima's Dance           Hex            0%         N/A       86%         3
 Anguish                  Hex/Necr       0%         N/A       99%         4
 Dimensional Bullseye     Hex/Tloc       0%         N/A       99%         4
 Iskenderun's Mystic Bla  Conj/Tloc      0%         2d3       99%         4


Dungeon Overview and Level Annotations

Branches:
Dungeon (6/15)              Sewer (visited)
 Temple: D:4-7

Altars:
Ashenzari
Dithmenos
Hepliaklqana
Nemelex Xobeh
The Shining One


Innate Abilities, Weirdness & Mutations

You can wield a second weapon in your off-hand.
It takes a long time for you to wield or remove held weapons.
Your first few attacks do less damage.
Attacking and casting redirects power from your legs.


Message History

You are confused.
You feel invigorated.
You are no longer unable to travel.
The wight barely misses you. The wight closely misses you.
You bump into the rock wall.
The wight hits you with a +4 short sword!
You feel drained.
The wight hits you from afar with a +4 spear.
* * * LOW HITPOINT WARNING * * *
You feel drained.
You bump into the rock wall.
The wight hits you from afar with a +4 spear!
* * * LOW HITPOINT WARNING * * *
The wight closely misses you.
You're too confused to move!
The wight hits you with a +4 short sword.
* * * LOW HITPOINT WARNING * * *
You feel drained.
The wight hits you from afar with a +4 spear.
* * * LOW HITPOINT WARNING * * *
You feel drained.
* * * LOW HITPOINT WARNING * * *
You closely miss the wight with your +0 war axe of venom.
The wight is severely damaged.
You hit the wight with your +2 dagger of draining.
The wight barely misses you.
The wight hits you with a +4 short sword.
* * * LOW HITPOINT WARNING * * *
Unknown command.
You cannot move. (Use ctrl+direction or * direction to attack while stationary and confused.) Unknown command.
You barely miss the wight with your +0 war axe of venom.
The wight is almost destroyed.
You closely miss the wight with your +2 dagger of draining.
The wight hits you with a +4 short sword!
* * * LOW HITPOINT WARNING * * *
You feel drained.
* * * LOW HITPOINT WARNING * * *
The wight hits you from afar with a +4 spear.
You die...

######## ##
#......# ..
#.####.# .#
#.# #.# .#
#.# #.# .#
#(#
#.##)######
#.#
#.@zz......
#.#
####z######
#.# .# #.#
.# #.# ..
#.# ## #.#
#.# #.#


You could see 3 wights.

Vanquished Creatures
  A water moccasin (D:5)
  Pargi (Sewer)
  An ice beast (D:5)
  2 phantoms
  A scorpion (D:5)
  2 wights (D:6)
  A howler monkey (D:4)
  A bombardier beetle (D:5)
  A hound (D:5)
  2 orc priests
  2 gnoll boudas
  A sleepcap (D:6)
  3 adders
  14 gnolls
  A shadow imp (D:4)
  A white imp (D:6)
  A ribbon worm (D:3)
  9 orcs
  6 ball pythons
  5 endoplasms
  3 giant cockroaches (D:5)
  2 goblins
  7 hobgoblins
  8 jackals
  6 kobolds
  4 quokkas
  6 bats
  3 frilled lizards
  4 rats
99 creatures vanquished.

Notes
Turn   | Place    | Note
-------+----------+-------------------------------------------
     0 | D:1      | LobsterGuardian the Coglin Gladiator began the quest for
                  | the Orb.
     0 | D:1      | Reached XP level 1. HP: 16/16 MP: 1/1
    20 | D:1      | Reached XP level 2. HP: 8/22 MP: 2/2
   953 | D:2      | Reached XP level 3. HP: 27/27 MP: 3/3
  1281 | D:2      | Found a faded altar of an unknown god.
  1312 | D:2      | Reached skill level 4 in Axes
  1567 | D:3      | Found a broken altar of Ashenzari.
  1765 | D:3      | Reached XP level 4. HP: 29/33 MP: 4/4
  1995 | D:3      | Found a sparkling altar of Nemelex Xobeh.
  2204 | D:3      | Found a shadowy altar of Dithmenos.
  2205 | D:3      | Found a hazy altar of Hepliaklqana.
  2207 | D:3      | Noticed a shadow
  2419 | D:4      | Found a glowing golden altar of the Shining One.
  2456 | D:4      | Noticed a phantom
  2457 | D:4      | Reached skill level 5 in Axes
  2457 | D:4      | Reached skill level 1 in Armour
  2457 | D:4      | Reached XP level 5. HP: 32/39 MP: 5/5
  2471 | D:4      | Killed a phantom
  2472 | D:4      | Reached skill level 1 in Short Blades
  2545 | D:4      | Reached XP level 6. HP: 44/46 MP: 6/6
  3519 | D:4      | Reached skill level 6 in Axes
  3861 | D:5      | Entered Level 5 of the Dungeon
  3894 | D:5      | Reached XP level 7. HP: 39/52 MP: 7/7
  4025 | D:5      | Found a glowing drain.
  4033 | Sewer    | Entered a sewer
  4120 | Sewer    | Noticed Pargi
  4127 | Sewer    | Killed Pargi
  4562 | D:5      | Reached skill level 7 in Axes
  4686 | D:5      | Reached XP level 8. HP: 58/58 MP: 8/8
  5363 | D:6      | Reached skill level 8 in Axes
  5377 | D:6      | HP: 2/47 [wight/+4 short sword (3)]
  5377 | D:6      | Slain by a wight

Illustrated notes

Levels and vault maps discovered:
D:1:      tarquinn_simple_flora_water_c, layout_loops_ring
D:2:      layout_loops_corners, hellmonk_ecumenical_altar_arch_garden,
          amethyst_killhole
D:3:      layout_loops_ring, riverfiend_overflow_shadow_ancestor,
          nemelex_xobeh_ov_fountains_minmay, cheibrodos_ashenzari_chains
D:4:      layout_loops_corners, tso_altar, minmay_gold_behind_fungi
D:5:      wad_lake_hut, layout_loops_ring,
          mainiacjoe_sewer_entry_somewhere_in_here_1
D:6:      layout_loops_ring, minmay_misc_feat_encased

Skill      XL: |  1  2  3  4  5  6  7  8 |
---------------+-------------------------+-----
Axes           | 4 5 6 7 8 |  8.1
Dodging        | 3 |  3.4
Armour         | 1 2 |  2.9
Short Blades   | 1 2 |  2.1
Fighting       | 3 |  3.6
Throwing       | |  1.7

Action                     |  1- 3 |  4- 6 |  7- 9 || total
---------------------------+-------+-------+-------++-------
  Melee: War axe           |    70 |    71 |    84 ||   225
         Short sword       |    38 |    72 |    66 ||   176
         Dagger            |     1 |       |    20 ||    21
  Throw: Javelin           |       |     2 |       ||     2
  Evoke: Wand              |       |       |     4 ||     4
    Use: Scroll            |     3 |     5 |       ||     8
         Potion            |       |     3 |     2 ||     5
   Stab: Sleeping          |     1 |     1 |       ||     2
 Armour: Leather armour    |    49 |    48 |    12 ||   109
         Troll leather arm |       |       |    57 ||    57
  Dodge: Dodged            |    52 |    54 |    77 ||   183

Table legend: (Time is in decaauts)
 A = Elapsed time spent in this place.
 B = Non-inter-level travel time spent in this place.
 C = Inter-level travel time spent in this place.
 D = Time resting spent in this place.
 E = Time spent auto-exploring this place.
 F = Levels seen in this place.
 G = Mean time per level.
                   A        B        C        D        E       F      G
               +--------+--------+--------+--------+--------+-----+--------+
         Total |   5475 |   5037 |    438 |    130 |   4198 |   7 |  782.1 |
       Dungeon |   5311 |   4873 |    438 |    130 |   4101 |   6 |  885.2 |
         Sewer |    164 |    164 |      0 |      0 |     97 |   1 |  164.0 |
               +--------+--------+--------+--------+--------+-----+--------+

Top non-repeatable levels by time:
     D:4: 1549 daAuts
     D:5: 1181 daAuts
     D:2: 926 daAuts
     D:3: 787 daAuts
     D:1: 764 daAuts
   Sewer: 164 daAuts
     D:6: 102 daAuts
